 Dungeon Crawl Stone Soup version 0.28.0-49-g6dfe1f597d (webtiles) character file.

Game seed: 7035132607042863664

70 styxcanada the Sneak (level 4, -2/23 HPs)
             Began as a Spriggan Brigand on May 19, 2022.
             Slain by an orc
             ... wielding a +0 trident
              (4 damage)
             ... on level 2 of the Dungeon.
             The game lasted 00:06:05 (1606 turns).

styxcanada the Sneak (Spriggan Brigand)             Turns: 1606, Time: 00:06:06

Health: -2/23      AC:  3    Str:  7    XL:     4   Next: 4%
Magic:  5/5        EV: 17    Int: 12    God:
Gold:   28         SH:  0    Dex: 18    Spells: 3/3 levels left

rFire   . . .      SeeInvis +   g - +2 dagger (venom)
rCold   . . .      Faith    .   (no shield)
rNeg    . . .      Spirit   .   b - +0 robe
rPois   .          Reflect  .   (helmet restricted)
rElec   .          Harm     .   c - +0 cloak
rCorr   .          Rampage  .   (gloves unavailable)
Will    .....                   (boots unavailable)
Stlth   ++++......              (no amulet)
HPRegen 0.07/turn               (no ring)
MPRegen 0.09/turn               (no ring)

@: very quick
A: very small, no large weapons, unfitting armour, see invisible, speed 3
a: no special abilities


You were on level 2 of the Dungeon.
You visited 1 branch of the dungeon, and saw 2 of its levels.

You collected 28 gold pieces.

Inventory:

Hand Weapons
 a - a +2 dagger
 g - a +2 dagger of venom (weapon)
Missiles
 d - 5 poisoned darts (quivered)
 e - 2 curare-tipped darts
 f - 39 stones
Armour
 b - a +0 robe (worn)
 c - a +0 cloak (worn)
Scrolls
 h - a scroll of enchant weapon {unknown}
 i - 2 scrolls of teleportation {unknown}
 k - a scroll of fog {unknown}
 m - a scroll of identify {unknown}
 n - a scroll of acquirement {unknown}
Potions
 j - a potion of degeneration {unknown}
 l - a potion of brilliance {unknown}


   Skills:
 * Level 2.0 Fighting
 + Level 2.6 Short Blades
 + Level 2.1 Throwing
 * Level 2.2 Dodging
 * Level 7.4 Stealth


You had 3 spell levels left.
You didn't know any spells.
Your spell library was empty.

Dungeon Overview and Level Annotations

Branches:
Dungeon (2/15)

Altars:
Ru


Innate Abilities, Weirdness & Mutations

You are very small and have problems with some larger weapons.
You are too small for most types of armour.
You have supernaturally acute eyesight. (SInv)
You cover ground extremely quickly. (Speed+++)


Message History

You hit the orc wizard but do no damage.
The orc wizard casts a spell at you.
You easily resist.
The orc hits you with a +0 trident.
* * * LOW HITPOINT WARNING * * *
The orc closely misses you.
There is a sacrificial altar of Ru here.
An endoplasm comes into view.
The endoplasm quivers.
The orc wizard casts a spell at you.
You easily resist.
The endoplasm freezes you.
You are frozen.
* * * LOW HITPOINT WARNING * * *
You hit the endoplasm.
The endoplasm is moderately wounded.
You hit the endoplasm.
The endoplasm is poisoned.
The endoplasm is heavily wounded.
The endoplasm closely misses you.
You hit the endoplasm.
The endoplasm is severely wounded.
The endoplasm closely misses you.
You hit the endoplasm but do no damage.
The endoplasm is severely wounded.
You kill the endoplasm!
You start resting.
An orc is nearby!
You now have 28 gold pieces (gained 1).
The orc throws a stone.
The stone completely misses you.
You see here a scroll labelled WIEKHI GEUXU YWIR.
i - 2 scrolls labelled WIEKHI GEUXU YWIR (gained 1)
The orc barely misses you.
You hit the orc.
The orc is poisoned.
The orc is heavily wounded.
The orc closely misses you.
You hit the orc.
The orc looks as sick as possible!
The orc is heavily wounded.
The orc hits you with a +0 mace.
* * * LOW HITPOINT WARNING * * *
The orc hits you from afar with a +0 trident.
You die...

########## #........#
#........# ###........#
#..........# #..........#
+..o.......# #####@.........#
#####...#o)........#####
..........'...).....>....#
######.........########.#.###o#
#.....................#.#.# #.#
#.....................#.#.# #o#
#.....................#...#
#.###
#..............†......##..#
#....
).....o....o..........##..#
#####


You could see 2 orcs.

Vanquished Creatures
  An orc priest (D:2)
  An adder (D:2)
  An orc (D:2)
  2 endoplasms (D:2)
  2 giant cockroaches
  3 goblins
  2 hobgoblins
  2 jackals (D:1)
  5 kobolds
  A quokka (D:1)
  2 ball pythons
  5 bats
  A frilled lizard (D:1)
  3 rats (D:1)
31 creatures vanquished.

Notes
Turn   | Place    | Note
-------+----------+-------------------------------------------
     0 | D:1      | styxcanada the Spriggan Brigand began the quest for the
                  | Orb.
     0 | D:1      | Reached XP level 1. HP: 10/10 MP: 2/2
   213 | D:1      | Reached skill level 6 in Stealth
   347 | D:1      | Reached XP level 2. HP: 14/14 MP: 3/3
  1364 | D:2      | Reached XP level 3. HP: 18/18 MP: 4/4
  1401 | D:2      | Found a faded altar of an unknown god.
  1450 | D:2      | Reached skill level 7 in Stealth
  1492 | D:2      | Reached XP level 4. HP: 5/23 MP: 5/5
  1513 | D:2      | Found a sacrificial altar of Ru.
  1550 | D:2      | HP: 1/23 [frozen (3)]
  1606 | D:2      | Slain by an orc

Illustrated notes

Levels and vault maps discovered:
D:1:      saegor_arrival_fortress, layout_basic, minmay_misc_feat_rows,
          chequers_serial_rivers_micro_b, minmay_quantized
D:2:      layout_basic, hellmonk_ecumenical_altar_slurped_away, basic_altar

Skill      XL: |  1  2  3 |
---------------+----------+-----
Stealth        | 6 7 |  7.4
Fighting       | 2 |  2.0
Dodging        | 2 |  2.2
Short Blades   | |  2.6
Throwing       | |  2.1

Action                   |  1- 3 |  4- 6 || total
-------------------------+-------+-------++-------
Melee: Dagger            |    74 |    11 ||    85
Throw: Dart              |     7 |       ||     7
  Use: Potion            |     1 |       ||     1
 Stab: Sleeping          |     7 |       ||     7
Armor: Robe              |    13 |     1 ||    14
Dodge: Dodged            |    54 |    17 ||    71
